 Dungeon Crawl Stone Soup version 0.29.1-1-gd02db6906a (webtiles) character file.

Game seed: 6622431862026759029

98 NullDivider the Stinger (level 4, -2/27 HPs)
             Began as an Octopode Venom Mage on Sept 24, 2022.
             Slain by an orc warrior
             ... wielding a +0 trident
              (8 damage)
             ... on level 4 of the Dungeon.
             The game lasted 00:13:26 (4098 turns).

NullDivider the Stinger (Octopode Venom Mage)       Turns: 4098, Time: 00:13:27

Health: -2/27      AC:  1    Str:  7    XL:     4   Next: 69%
Magic:  0/7        EV: 13    Int: 19    God:
Gold:   150        SH:  0    Dex: 12    Spells: 2/8 levels left

rFire   . . .      SeeInvis +   r - +3 dagger
rCold   . . .      Faith    .   (no shield)
rNeg    . . .      Spirit   .   (helmet restricted)
rPois   .          Reflect  .   (no amulet)
rElec   .          Harm     .   k - ring of see invisible
rCorr   .          Rampage  .   (no ring)
Will    .....                   (no ring)
Stlth   +++.......              (no ring)
HPRegen 0.09/turn               (no ring)
MPRegen 0.10/turn               (no ring)
                                (no ring)
                                (no ring)

@: no status effects
A: almost no armour, amphibious, 8 rings, camouflage 1, gelatinous body 1,
(nimble swimmer 1), tentacles
a: no special abilities


You were on level 4 of the Dungeon.
You visited 1 branch of the dungeon, and saw 4 of its levels.

You collected 150 gold pieces.

Inventory:

Hand Weapons
 r - a +3 dagger (weapon)
Jewellery
 k - a ring of see invisible (left tentacle)
Wands
 o - a wand of iceblast (11)
Scrolls
 d - a scroll of magic mapping {unknown}
 e - a scroll of immolation {unknown}
 f - a scroll of enchant armour {unknown}
 g - a scroll of blinking {unknown}
 l - a scroll of amnesia {unknown}
 m - a scroll of brand weapon {unknown}
 n - a scroll of poison {unknown}
 p - a scroll of identify {unknown}
 s - a scroll of fog {unknown}
Potions
 a - 2 potions of magic
 b - 3 potions of degeneration {unknown}
 c - 2 potions of brilliance {unknown}
 h - a potion of haste {unknown}
 i - a potion of ambrosia {unknown}
 j - a potion of curing {unknown}
 q - a potion of mutation {unknown}
 t - 3 potions of invisibility {unknown}


   Skills:
 * Level 2.7 Dodging
 * Level 3.8 Stealth
 * Level 2.6 Spellcasting
 + Level 0.6 Conjurations
 - Level 1.2 Transmutations
 + Level 0.9 Air Magic
 * Level 4.3 Poison Magic


You had 2 spell levels left.
You knew the following spells:

 Your Spells              Type           Power      Damage    Failure   Level
a - Sting                 Tmut/Pois      52%        1d5       4%          1
b - Poisonous Vapours     Pois/Air       24%        N/A       9%          2
c - Mephitic Cloud        Conj/Pois/Air  10%        N/A       22%         3

Your spell library contained the following spells:

 Spells                   Type           Power      Damage    Failure   Level
 Olgreb's Toxic Radiance  Pois           19%        N/A       26%         4
 Corpse Rot               Necr/Pois/Air  9%         N/A       58%         4
 Dispel Undead            Necr           2%         3d7       85%         4
 Death Channel            Necr           1%         N/A       100%        6


Dungeon Overview and Level Annotations

Branches:
Dungeon (4/15)
 Temple: D:4-7

Altars:


Innate Abilities, Weirdness & Mutations

You cannot wear most types of armour.
You are amphibious.
You can wear up to eight rings at the same time.
Your skin changes colour to match your surroundings (Stealth+).
Your rubbery body absorbs attacks. (AC +1, EV +1)
((You are camouflaged when in or above water. (Stealth+)))
You have tentacles for arms and can constrict up to eight enemies at once.


Message History

Confirm with . or Enter, or press ? or * to list all spells.
The spell is extremely dangerous to miscast (22% risk of failure)!
Continue anyway?
Aiming: Mephitic Cloud (extremely dangerous; 22% risk of failure)
Press: ? - help, Shift-Dir - straight line, f/p - orc warrior
Aim: an orc warrior, wielding a +0 trident and wearing a +0 chain mail (lightly wounded, chance to affect: 81%)
The ball explodes into a vile cloud!
The stinking cloud engulfs the orc warrior but does no damage.
The orc warrior is lightly wounded.
The orc warrior is engulfed in noxious fumes.
The orc warrior appears confused.
Casting: Mephitic Cloud (extremely dangerous; 22% risk of failure)
Confirm with . or Enter, or press ? or * to list all spells.
Aiming: Poisonous Vapours (safe; 9% risk of failure)
Press: ? - help, Dir - move target, f/p - orc warrior
Aim: an orc warrior, wielding a +0 trident and wearing a +0 chain mail (noxious fumes, lightly wounded, confused) Poisonous vapours surround the orc warrior!
The orc warrior is poisoned.
The orc warrior is engulfed in noxious fumes.
The orc warrior appears confused.
Casting: Poisonous Vapours (safe; 9% risk of failure)
Confirm with . or Enter, or press ? or * to list all spells.
Aiming: Poisonous Vapours (safe; 9% risk of failure)
Press: ? - help, Dir - move target, f/p - orc warrior
Aim: an orc warrior, wielding a +0 trident and wearing a +0 chain mail (lightly wounded, confused, poisoned) Poisonous vapours surround the orc warrior!
The orc warrior looks even sicker.
The orc warrior hits itself with a +0 trident!
You hit the orc warrior but do no damage.
Your grab misses the orc warrior.
The orc warrior is heavily wounded.
The orc warrior is engulfed in noxious fumes.
The orc warrior appears confused.
The orc warrior hits you with a +0 trident!
Ouch! That really hurt!
You barely miss the orc warrior. You grab the orc warrior.
The orc warrior is severely wounded.
You constrict the orc warrior. The orc hits you with a +0 dagger.
* * * LOW HITPOINT WARNING * * *
The orc warrior hits you with a +0 trident!
You die...

.#######
........
#>#
.#######
..# .###
..# ...#
).# .#.#
..# ...####
..# ......#
####o.#
##.##.#
#..@o.#
#.##.#
#.###......
#.##.# #.#
#####
##.##.# #.#
...##.# #.#
...##.#
#####.#
....#.#
#.....#
......#
#.#####
....### #.#


You could see an orc warrior (confused, very poisoned) and an orc.

Vanquished Creatures
  A jelly (D:4)
  2 adders (D:4)
  An ufetubus (D:3)
  2 worms (D:3)
  An orc (D:4)
  2 bats
  4 endoplasms
  5 goblins
  6 hobgoblins
  2 quokkas
  A frilled lizard (D:3)
  4 kobolds
  5 rats
36 creatures vanquished.

Notes
Turn   | Place    | Note
-------+----------+-------------------------------------------
     0 | D:1      | NullDivider the Octopode Venom Mage began the quest for the
                  | Orb.
     0 | D:1      | Reached XP level 1. HP: 11/11 MP: 3/3
   575 | D:1      | Reached XP level 2. HP: 17/17 MP: 3/5
   580 | D:1      | Learned a level 2 spell: Poisonous Vapours
  2130 | D:3      | Reached skill level 4 in Poison Magic
  2134 | D:3      | Reached XP level 3. HP: 21/21 MP: 3/6
  2323 | D:3      | Identified the +4 hand axe of Mastery {flame, Dex+3}
  2433 | D:3      | Learned a level 3 spell: Mephitic Cloud
  3650 | D:4      | Reached XP level 4. HP: 25/27 MP: 0/7
  4088 | D:4      | Noticed an orc warrior
  4098 | D:4      | Slain by an orc warrior

Illustrated notes

Levels and vault maps discovered:
D:1:      saegor_arrival_simple_e, layout_loops_corners
D:2:      layout_loops_corners
D:3:      layout_loops_ring, serial_rivers, chequers_serial_rivers_micro_a,
          chequers_serial_rivers_micro_c, chequers_serial_rivers_micro_e,
          chequers_serial_rivers_micro_d, roderic_roman_lattice,
          nicolae_kite_square_tiling_tiny, item_on_display_a
D:4:      layout_loops_ring

Skill      XL: |  1  2 |
---------------+-------+-----
Stealth        | 3 |  3.8
Poison Magic   | 4 |  4.3
Dodging        | |  2.7
Spellcasting   | |  2.6
Conjurations   | |  0.6
Transmutations | |  1.2
Air Magic      | |  0.9

Action                   |  1- 3 |  4- 6 || total
-------------------------+-------+-------++-------
Melee: Unarmed           |    14 |     3 ||    17
       Tentacles         |     6 |       ||     6
       Constrict         |     4 |     2 ||     6
       Dagger            |       |     5 ||     5
 Cast: Sting             |    63 |     5 ||    68
       Poisonous Vapours |    11 |     5 ||    16
       Mephitic Cloud    |       |     1 ||     1
Evoke: Wand              |       |     1 ||     1
Dodge: Dodged            |    27 |     5 ||    32
